 Dungeon Crawl Stone Soup version 0.29.1-15-g9cfb28693d (webtiles) character file.

Game seed: 7519494323206616780

56 Descartes the Digger (level 3, -4/19 HPs)
             Began as a Gargoyle Earth Elementalist on Mar 23, 2023.
             Slain by Natasha (6 damage)
             ... on level 2 of the Dungeon.
             The game lasted 00:03:51 (1593 turns).

Descartes the Digger (Gargoyle Earth Elementalist)  Turns: 1593, Time: 00:03:52

Health: -4/19      AC:  5    Str: 11    XL:     3   Next: 97%
Magic:  4/6        EV: 11    Int: 17    God:
Gold:   59         SH:  0    Dex: 10    Spells: 5/6 levels left

rFire   . . .      SeeInvis .   d - +0 dagger
rCold   . . .      Faith    .   (no shield)
rNeg    + . .      Spirit   .   a - +0 robe
rPois   ∞          Reflect  .   (no helmet)
rElec   +          Harm     .   (no cloak)
rCorr   .          Rampage  .   (no gloves)
Will    .....                   (no boots)
Stlth   ++........              (no amulet)
HPRegen 0.06/turn               (no ring)
MPRegen 0.10/turn               (no ring)

@: no status effects
A: sickness immunity, AC +3, negative energy resistance 1, electricity
resistance, torment resistance 1, petrification resistance
a: no special abilities


You were on level 2 of the Dungeon.
You visited 1 branch of the dungeon, and saw 2 of its levels.

You collected 59 gold pieces.

Inventory:

Hand Weapons
 d - a +0 dagger (weapon)
Armour
 a - a +0 robe (worn)
Jewellery
 i - an amulet of faith
Wands
 n - a wand of roots (1)
Scrolls
 f - a scroll of teleportation {unknown}
 g - 4 scrolls of identify {unknown}
 h - a scroll of vulnerability {unknown}
 l - a scroll of magic mapping {unknown}
Potions
 b - a potion of magic
 c - a potion of brilliance
 e - a potion of flight {unknown}
 j - a potion of cancellation
 k - a potion of mutation {unknown}
 m - a potion of curing {unknown}


   Skills:
 - Level 1.5 Dodging
 - Level 2.1 Stealth
 - Level 2.0 Spellcasting
 - Level 0.7 Transmutations
 + Level 5.7 Earth Magic


You had 5 spell levels left.
You knew the following spells:

 Your Spells              Type           Power      Damage    Failure   Level
a - Sandblast             Erth           42%        2d11      1%          1

Your spell library contained the following spells:

 Spells                   Type           Power      Damage    Failure   Level
 Passwall                 Tmut/Erth      10%        N/A       8%          2
 Stone Arrow              Conj/Erth      22%        3d8       19%         3
 Petrify                  Tmut/Erth      12%        N/A       45%         4


Dungeon Overview and Level Annotations

Branches:
Dungeon (2/15)

Altars:

Annotations:
D:2 Natasha


Innate Abilities, Weirdness & Mutations

You are immune to sickness and miasma.
Your stone body is resilient. (AC +3)
You are immune to poison.
You resist negative energy. (rN+)
You are resistant to electric shocks. (rElec)
You are resistant to unholy torment.
You are immune to petrification.


Message History

Aiming: Sandblast (safe; 1% risk of failure)
Press: ? - help, Shift-Dir - straight line, f/p - shadow imp
Aim: a shadow imp (summoned, 81% to hit)
Okay, then.
The shadow imp hits you.
The shadow imp hits you but does no damage.
Casting: Sandblast (safe; 1% risk of failure)
Confirm with . or Enter, or press ? or * to list all spells.
Aiming: Sandblast (safe; 1% risk of failure)
Press: ? - help, Shift-Dir - straight line, f/p - shadow imp
Aim: a shadow imp (summoned, 81% to hit)
The blast of sand hits the shadow imp.
The shadow imp is heavily wounded.
The shadow imp disappears in a puff of smoke!
Natasha casts a spell at you.
The magic dart hits you but does no damage.
Natasha casts a spell at you. The magic dart hits you.
* * * LOW HITPOINT WARNING * * *
Casting: Sandblast (safe; 1% risk of failure)
Confirm with . or Enter, or press ? or * to list all spells.
Aiming: Sandblast (safe; 1% risk of failure)
Press: ? - help, Shift-Dir - straight line, f - Natasha
Aim: Natasha (79% to hit)
The blast of sand hits Natasha.
Natasha is moderately wounded.
Natasha mumbles some strange words.
Natasha barely misses you.
It was a potion of brilliance.
You feel clever all of a sudden. Natasha closely misses you.
Natasha mumbles some strange words.
Natasha glows brightly for a moment.
Natasha claws you but does no damage.
It was a potion of cancellation.
Your magical effects are unravelling.
You feel magically purged.
You feel yourself speed up.
You feel a little less clever now. Natasha claws you.
You die...

.#...# #.# .#...#
... .....# ...
.##..# #.# .# .# #.#
.. # #.# ..
######### #.# ####
#.......###.#
...#.###.##.....@h5#
##.#........##.#####
##.#####.#####.#
##.# #.#####.# ##.#
##.......#
...####..#.#####
............#
###########.# .#


You could see Natasha and a white imp (summoned).

Vanquished Creatures
  An adder (D:2)
  A worm (D:2)
  3 dart slugs (D:1)
  5 ball pythons
  An endoplasm (D:1)
  A giant cockroach (D:1)
  3 goblins (D:1)
  5 hobgoblins (D:1)
  2 jackals (D:1)
  3 kobolds (D:1)
  5 bats
  3 frilled lizards (D:1)
  2 rats
35 creatures vanquished.

Notes
Turn   | Place    | Note
-------+----------+-------------------------------------------
     0 | D:1      | Descartes the Gargoyle Earth Elementalist began the quest
                  | for the Orb.
     0 | D:1      | Reached XP level 1. HP: 10/10 MP: 3/3
     7 | D:1      | Found a faded altar of an unknown god.
   107 | D:1      | Reached skill level 4 in Earth Magic
   157 | D:1      | Reached XP level 2. HP: 5/15 MP: 0/5
   591 | D:1      | Reached skill level 5 in Earth Magic
   591 | D:1      | Reached XP level 3. HP: 19/19 MP: 2/6
  1582 | D:2      | Noticed Natasha
  1593 | D:2      | Slain by Natasha

Illustrated notes

Levels and vault maps discovered:
D:1:      ncdulo_wetmaze, layout_loops_ring, basic_ecumenical_altar,
          hangedman_glass_teeth, minmay_tetromino_t2
D:2:      layout_loops_cross, basic_altar, roderic_lattice_a,
          hangedman_abyss_or_decor_stabs, nicolae_kite_square_tiling_tiny,
          chequers_mini_garden, minmay_lizard_pond, uniq_natasha, uniq_terence

Skill      XL: |  1  2 |
---------------+-------+-----
Earth Magic    | 4 5 |  5.7
Dodging        | |  1.5
Stealth        | |  2.1
Spellcasting   | |  2.0
Transmutations | |  0.7

Action                   || total
-------------------------++-------
Melee: Unarmed           ||     1
 Cast: Sandblast         ||    54
  Use: Potion            ||     2
Armor: Robe              ||     7
Dodge: Dodged            ||    16
